 Dungeon Crawl Stone Soup version 0.30-a0-930-gb9d0489357 (webtiles) character file.

Game seed: 17652527258760081622

11290 lunkers the Skirmisher (level 12, -23/100 (107) HPs)
             Began as a Meteoran Reaver on Mar 23, 2023.
             Was a High Priest of Okawaru.
             Annihilated by an orc warlord
             ... wielding a +1 dire flail of draining
              (26 damage)
             ... on level 2 of the Orcish Mines.
             The game lasted 00:24:11 (4921 turns).

lunkers the Skirmisher (Meteoran Reaver)            Turns: 4921, Time: 00:24:12

HP:   -23/100 (107) AC: 12    Str: 19    XL:     12   Next: 32%
MP:   27/27         EV: 12    Int: 15    God:    Okawaru [*****.]
Gold: 918           SH:  0    Dex: 15    Spells: 16/16 levels left

rFire   . . .      SeeInvis +    a - +8 sling "Juthroli" {speed, SInv}
rCold   . . .      Faith    +    (no shield)
rNeg    . . .      Spirit   .    F - +2 leather armour {Will+}
rPois   .          Reflect  .    s - +0 helmet
rElec   .          Rampage  .    w - +0 cloak
rCorr   .                        g - +1 pair of gloves
Will    ++...                    (no boots)
Stlth   +                        d - amulet "Werph" {Faith Str+2 Slay+4 Stlth+}
HPRegen 0.36/turn                i - ring of see invisible
MPRegen 0.20/turn                D - ring of magical power

@: glowing, drained
A: sense surroundings 2, otherworldly, glowing, explore regen
a: Renounce Religion, Heroism, Finesse, Duel


You were on level 2 of the Orcish Mines.
You worshipped Okawaru.
Okawaru was extremely pleased with you.
You visited 3 branches of the dungeon, and saw 12 of its levels.
You also visited: Sewer.

You collected 918 gold pieces.

Inventory:

Hand Weapons
 a - the +8 sling "Juthroli" (weapon) {speed, SInv}
   (You found it on level 3 of the Dungeon)

   SInv:      It lets you see invisible.
 b - a +0 long sword
 y - the +10 hand axe "Ukailokk" {vamp, Fragile rN++ MP+9}
   (You found it on level 5 of the Dungeon)

   rN:        It greatly protects you from negative energy.
   MP:        It affects your magic capacity (+9).
   Fragile:   It will be destroyed if unequipped.
Missiles
 z - a throwing net
Armour
 g - a +1 pair of gloves (worn)
 s - a +0 helmet (worn)
 w - a +0 cloak (worn)
 E - the +4 plate armour "Nesauxt" {rElec rN+ Str-3}
   (You found it on level 8 of the Dungeon)

   Str:       It affects your strength (-3).
   rElec:     It insulates you from electricity.
   rN:        It protects you from negative energy.
 F - a +2 leather armour of willpower (worn)
 G - +0 acid dragon scales
Jewellery
 d - the amulet "Werph" (around neck) {Faith Str+2 Slay+4 Stlth+}
   (You found it in a sewer)

   [amulet of faith]

   It allows you to gain divine favour quickly.
   Str:       It affects your strength (+2).
   Slay:      It affects your accuracy & damage with ranged weapons and melee
   (+4).
   Stlth:     It makes you more stealthy.
 f - an amulet of guardian spirit
 i - a ring of see invisible (left hand)
 D - a ring of magical power (right hand)
Wands
 A - a wand of charming (6)
 B - a wand of acid (1)
 C - a wand of flame (19)
 I - a wand of polymorph (2)
Scrolls
 c - 2 scrolls of amnesia
 l - a scroll of identify
 o - 3 scrolls of enchant armour
 q - 4 scrolls of teleportation
 x - 2 scrolls of magic mapping
Potions
 e - a potion of degeneration
 h - a potion of heal wounds
 j - 3 potions of curing
 k - 3 potions of resistance
 m - 2 potions of ambrosia
 n - 2 potions of berserk rage {unknown}
 p - 5 potions of flight
 r - a potion of attraction {unknown}
 t - 2 potions of mutation {unknown}
 u - a potion of lignification {unknown}
 v - a potion of might {unknown}


   Skills:
 + Level 10.4 Fighting
 - Level 5.9 Long Blades
 - Level 12.0 Ranged Weapons
 + Level 11.0 Armour
 - Level 2.4 Dodging
 - Level 2.6 Spellcasting
 - Level 3.6 Conjurations
 - Level 7.0 Invocations


You had 16 spell levels left.
You didn't know any spells.
Your spell library contained the following spells:

 Spells                   Type           Power      Damage    Failure   Level
 Foxfire                  Conj/Fire      28%        2x1d5     11%         1
 Kiss of Death            Conj/Necr      28%        2d7       11%         1
 Momentum Strike          Conj/Tloc      14%        3d8       17%         2
 Hailstorm                Conj/Ice       7%         3d4       32%         3
 Blink                    Tloc           4%         N/A       34%         2
 Lesser Beckoning         Tloc           4%         N/A       34%         2
 Inner Flame              Hex/Fire       2%         N/A       56%         3
 Flame Wave               Conj/Fire      7%         2d5       73%         4
 Sticky Flame             Conj/Fire      7%         2d3       73%         4
 Fireball                 Conj/Fire      3%         3d4       97%         5
 Starburst                Conj/Fire      3%         6d3       100%        6


Dungeon Overview and Level Annotations

Branches:
Dungeon (9/15) Zot: 1684   Temple (1/1) D:6 Zot: 573     Orc (2/2) D:9 Zot: 542
    Elf (0/3) Orc:2         Sewer (visited)
   Lair: D:8-11

Altars:
Ashenzari
Cheibriados
Elyvilon
Fedhas
Gozag
Hepliaklqana
Kikubaaqudgha
Makhleb
Nemelex Xobeh
Okawaru
Qazlal
Ru
Sif Muna
Trog
Uskayaw
Vehumet
Wu Jian
Xom
Yredelemnul
Zin
The Shining One

Shops:
D:5 [


Innate Abilities, Weirdness & Mutations

You passively map the area around you.
You are easily found by Zot.
You glow in the dark.
You regain HP and MP as you explore.


Message History

Unknown command.
Aiming: Corrosive Bolt
Press: ? - help, Shift-Dir - straight line, f/p - orc warlord
Aim: an orc warlord, wielding a +1 dire flail of draining and wearing a +2 plate armour of fire resistance (severely wounded, 83% to hit)
The bolt of acid hits the orc warlord but does no damage.
The orc warlord is severely wounded.
Unknown command.
Unknown command.
Aiming: Fastroot
Press: ? - help, Shift-Dir - straight line, f/p - orc warlord
Aim: an orc warlord, wielding a +1 dire flail of draining and wearing a +2 plate armour of fire resistance (severely wounded)
The roots erupt in riotous growth!
Roots grab the orc warlord.
The now-empty wand crumbles to dust.
The grasping roots constrict the orc warlord.
The orc warlord struggles to escape constriction.
Unknown command.
The grasping roots constrict the orc warlord.
The roots release their grip on the orc warlord.
Aiming: Corrosive Bolt
Press: ? - help, Shift-Dir - straight line, f/p - orc warlord
Aim: an orc warlord, wielding a +1 dire flail of draining and wearing a +2 plate armour of fire resistance (almost dead, 83% to hit)
The bolt of acid hits the orc warlord!
The acid corrodes the orc warlord!
The orc warlord is almost dead.
Unknown command.
Aiming: Corrosive Bolt
Press: ? - help, Shift-Dir - straight line, f/p - orc warlord
Aim: an orc warlord, wielding a +1 dire flail of draining and wearing a +2 plate armour of fire resistance (almost dead, covered in acid, 83% to hit)
The bolt of acid misses the orc warlord.
The orc warlord hits you with a +1 dire flail of draining!
* * * LOW HITPOINT WARNING * * *
You feel drained.
* * * LOW HITPOINT WARNING * * *
Fire: a) +8 sling "Juthroli" {speed, SInv}
Press: ? - help, Q - select action, (/) - cycle Shift-Dir - straight line, f/p - orc warlord
Aim: an orc warlord, wielding a +1 dire flail of draining and wearing a +2 plate armour of fire resistance (almost dead, covered in acid, 82% to hit)
You shoot a sling bullet.
The sling bullet completely misses the orc warlord.
The orc warlord hits you with a +1 dire flail of draining!!
You die...

##.......###..)#.####......
##......#.....#.# .......
#.........)).### #....o.
##.#.........# #....o.
####....[..## ##.....
#....[..## ##.#.
##.#......# *, ,
##...<.o...# *
#......@...####
#.............#
#####............####
#.......#...........#
#####.....#.......###
#......<#......##
##.........)....#
#......))..##.##
###.......##*##


You could see an orc warlord (corroded).

Vanquished Creatures
  A two-headed ogre (D:9)
  3 orc high priests (Orc:2)
  2 orc knights (Orc:2)
  2 orc sorcerers (Orc:2)
  Maurice (Orc:2)
  Psyche (D:8)
  2 trolls
  Prince Ribbit (D:5)
  A wyvern (D:9)
  Menkaure (D:4)
  An acid dragon (D:9)
  2 water moccasins (D:7)
  2 ice beasts
  16 orc warriors
  4 sky beasts
  6 centaurs
  7 ogres
  2 wolves (D:5)
  A phantom (D:5)
  6 bullfrogs
  2 scorpions
  2 howler monkeys
  7 hounds
  A jelly (D:8)
  15 orc priests
  3 gnoll boudas
  3 iguanas
  13 orc wizards
  A sickly merfolk siren (Sewer)
  Terence (D:2)
  A malarious merfolk avatar (Sewer)
  12 gnolls
  3 river rats (Sewer)
  10 adders
  2 shadow imps
  2 worms (D:2)
  5 dart slugs
  60 orcs
  9 ball pythons
  An endoplasm (D:1)
  4 giant cockroaches (Sewer)
  5 goblins
  A hobgoblin (D:1)
  A jackal (D:5)
  3 quokkas
  2 bats
  6 frilled lizards
  A kobold (D:4)
  30 rats
268 creatures vanquished.

Vanquished Creatures (others)
  A sky beast (D:7)
1 creature vanquished.

Grand Total: 269 creatures vanquished

Notes
Turn   | Place    | Note
-------+----------+-------------------------------------------
     0 | D:1      | lunkers the Meteoran Reaver began the quest for the Orb.
     0 | D:1      | Reached XP level 1. HP: 17/17 MP: 5/5
    51 | D:1      | Reached XP level 2. HP: 17/24 MP: 6/6
   167 | D:1      | Reached XP level 3. HP: 26/29 MP: 8/8
   195 | D:2      | Noticed Terence
   200 | D:2      | Killed Terence
   201 | D:2      | Reached skill level 5 in Long Blades
   201 | D:2      | Reached XP level 4. HP: 17/35 MP: 7/9
   490 | D:3      | Found a glowing drain.
   512 | D:3      | Identified the +8 sling "Juthroli" {speed, SInv}
   524 | Sewer    | Entered a sewer
   533 | Sewer    | Reached skill level 1 in Ranged Weapons
   533 | Sewer    | Reached XP level 5. HP: 41/41 MP: 10/10
   583 | Sewer    | Reached skill level 2 in Ranged Weapons
   631 | Sewer    | Reached skill level 3 in Ranged Weapons
   694 | Sewer    | Reached XP level 6. HP: 48/48 MP: 11/11
   766 | Sewer    | Reached skill level 4 in Ranged Weapons
   797 | Sewer    | Identified the amulet "Werph" {Faith Str+2 Slay+4 Stlth+}
  1498 | D:4      | Reached skill level 5 in Ranged Weapons
  1525 | D:4      | Noticed Menkaure
  1533 | D:4      | Killed Menkaure
  1534 | D:4      | Reached skill level 6 in Ranged Weapons
  1534 | D:4      | Reached XP level 7. HP: 42/55 MP: 12/12
  1593 | D:5      | Entered Level 5 of the Dungeon
  1593 | D:5      | Found Giosir's Armour Boutique.
  1595 | D:5      | Noticed Prince Ribbit
  1674 | D:5      | Reached skill level 7 in Ranged Weapons
  1688 | D:5      | Reached XP level 8. HP: 61/61 MP: 13/13
  1709 | D:4      | Reached skill level 8 in Ranged Weapons
  1743 | D:5      | Killed Prince Ribbit
  1744 | D:5      | Reached skill level 9 in Ranged Weapons
  1782 | D:5      | Gained mutation: You passively map the area around you.
                  | [Meteoran growth]
  1782 | D:5      | Reached XP level 9. HP: 67/67 MP: 14/14
  1827 | D:5      | Reached skill level 10 in Ranged Weapons
  1835 | D:5      | Identified the +10 hand axe "Ukailokk" {vamp, Fragile rN++
                  | MP+9}
  1863 | D:5      | Reached skill level 1 in Armour
  2184 | D:6      | Found a sparkling altar of Nemelex Xobeh.
  2185 | D:6      | Found a glowing golden altar of the Shining One.
  2193 | D:6      | Found a shimmering altar of Xom.
  2194 | D:6      | Found an opulent altar of Gozag.
  2195 | D:6      | Found an ancient bone altar of Kikubaaqudgha.
  2197 | D:6      | Found a stormy altar of Qazlal.
  2197 | D:6      | Found an ornate altar of the Wu Jian Council.
  2198 | D:6      | Found a blossoming altar of Fedhas.
  2198 | D:6      | Found a sacrificial altar of Ru.
  2199 | D:6      | Found a shimmering blue altar of Sif Muna.
  2200 | D:6      | Found a hide-covered altar of Uskayaw.
  2200 | D:6      | Found a white marble altar of Elyvilon.
  2201 | D:6      | Found a broken altar of Ashenzari.
  2289 | D:6      | You fall into a shaft and drop 2 floors!
  2393 | D:7      | Reached skill level 11 in Ranged Weapons
  2488 | D:7      | Reached XP level 10. HP: 80/80 MP: 15/15
  2531 | D:7      | Reached skill level 5 in Fighting
  2704 | D:7      | Reached skill level 5 in Armour
  2891 | D:6      | Found a staircase to the Ecumenical Temple.
  2931 | Temple   | Entered the Ecumenical Temple
  2948 | Temple   | Became a worshipper of Warmaster Okawaru
  3008 | D:7      | Reached skill level 1 in Invocations
  3036 | D:8      | Identified the +4 plate armour "Nesauxt" {rElec rN+ Str-3}
  3337 | D:8      | Found a basalt altar of Yredelemnul.
  3347 | D:8      | Reached * piety under Okawaru
  3430 | D:8      | Noticed Psyche
  3438 | D:8      | Killed Psyche
  3731 | D:9      | Found a staircase to the Orcish Mines.
  3733 | D:9      | Noticed a two-headed ogre
  3747 | D:9      | Killed a two-headed ogre
  3747 | D:9      | Reached ** piety under Okawaru
  3748 | D:9      | Reached skill level 12 in Ranged Weapons
  3748 | D:9      | Reached XP level 11. HP: 77/91 MP: 16/16
  3959 | D:9      | Reached skill level 5 in Invocations
  4029 | Orc:1    | Entered Level 1 of the Orcish Mines
  4218 | Orc:2    | Entered Level 2 of the Orcish Mines
  4244 | Orc:2    | Reached *** piety under Okawaru
  4249 | Orc:2    | Noticed Maurice
  4258 | Orc:2    | Killed Maurice
  4302 | Orc:2    | Found a staircase to the Elven Halls.
  4420 | Orc:2    | Noticed an orc knight
  4498 | Orc:2    | Killed an orc knight
  4498 | Orc:2    | Reached **** piety under Okawaru
  4557 | Orc:2    | Noticed an orc sorcerer
  4566 | Orc:2    | Killed an orc sorcerer
  4623 | Orc:2    | Noticed an orc high priest
  4633 | Orc:2    | Killed an orc high priest
  4647 | Orc:2    | Noticed an orc knight
  4674 | Orc:2    | Killed an orc knight
  4675 | Orc:2    | Reached skill level 10 in Armour
  4675 | Orc:2    | Reached XP level 12. HP: 44/106 MP: 18/18
  4687 | Orc:1    | Reached ***** piety under Okawaru
  4708 | Orc:2    | Noticed an orc high priest
  4720 | Orc:2    | Noticed a sixfirhy
  4821 | Orc:2    | Killed an orc high priest
  4822 | Orc:2    | Reached skill level 10 in Fighting
  4851 | Orc:2    | Noticed an orc high priest
  4864 | Orc:2    | Killed an orc high priest
  4871 | Orc:2    | Noticed an orc warlord
  4920 | Orc:2    | HP: 3/100 [orc warlord/+1 dire flail of draining (6)]
  4921 | Orc:2    | Annihilated by an orc warlord

Illustrated notes

Levels and vault maps discovered:
D:1:      elethiomel_arrival_quiet, layout_rooms,
          shapermc_ecumenical_altar_flowoftime
D:2:      layout_loops_ring, basic_altar, uniq_terence
D:3:      layout_basic, gup_sewer_entry_glass
D:4:      minmay_diamond_boxcup, layout_layer_cave, uniq_menkaure
D:5:      layout_cave_pools, serial_gnoll_camp, gnoll_camp_huts_basic,
          gnoll_camp_mini_basic, grums_kennel, gnoll_camp_mini_shop,
          gnoll_camp_mini_basic, minmay_misc_feat_room, uniq_prince_ribbit1
D:6:      layout_basic, nicolae_overflows_in_rows, temple_fountains
D:7:      layout_basic
D:8:      layout_layer_cave, lemuel_crystal_altar, st_stairs_11,
          minmay_stone_trees_small, uniq_psyche
D:9:      layout_rooms, david_orc_3, amethyst_killhole, uniq_harold
Temple:   hellmonk_temple_two_chambers
Orc:1:    layout_caves
Orc:2:    st_orc_congregation, layout_diamond_mine, mines5_lemuel, uniq_maurice

Skill      XL: |  1  2  3  4  5  6  7  8  9 10 11 12 |
---------------+-------------------------------------+-----
Long Blades    | 4 5 |  5.9
Ranged Weapons | 1 3 6 7 9 11 12 | 12.0
Armour         | 4 7 10 11 | 11.0
Fighting       | 4 6 9 10 | 10.4
Invocations    | 4 7 |  7.0
Dodging        | |  2.4
Spellcasting   | |  2.6
Conjurations   | |  3.6

Action                     |  1- 3 |  4- 6 |  7- 9 | 10-12 || total
---------------------------+-------+-------+-------+-------++-------
  Melee: Long sword        |    35 |    29 |       |       ||    64
         Falchion          |     6 |       |       |       ||     6
         Punch             |       |     1 |       |       ||     1
   Fire: Sling             |       |   137 |   195 |   492 ||   824
   Cast: Kiss of Death     |     1 |       |       |       ||     1
 Invoke: Heroism           |       |       |       |     3 ||     3
  Evoke: Wand              |       |       |       |     8 ||     8
    Use: Scroll            |       |     8 |     6 |     6 ||    20
 Armour: Leather armour    |     5 |     1 |       |    19 ||    25
         Scale mail        |       |    32 |    25 |    16 ||    73
  Dodge: Dodged            |    22 |    39 |    24 |    57 ||   142

Table legend: (Time is in decaauts)
 A = Elapsed time spent in this place.
 B = Non-inter-level travel time spent in this place.
 C = Inter-level travel time spent in this place.
 D = Time resting spent in this place.
 E = Time spent auto-exploring this place.
 F = Levels seen in this place.
 G = Mean time per level.
                   A        B        C        D        E       F      G
               +--------+--------+--------+--------+--------+-----+--------+
         Total |   4719 |   4568 |    151 |      0 |   2662 |  13 |  363.0 |
       Dungeon |   3715 |   3574 |    141 |      0 |   2487 |   9 |  412.8 |
        Temple |     26 |     17 |      9 |      0 |     11 |   1 |   26.0 |
  Orcish Mines |    657 |    656 |      1 |      0 |     23 |   2 |  328.5 |
         Sewer |    319 |    319 |      0 |      0 |    141 |   1 |  319.0 |
               +--------+--------+--------+--------+--------+-----+--------+

Top non-repeatable levels by time:
     D:8: 689 daAuts
   Orc:2: 518 daAuts
     D:3: 471 daAuts
     D:7: 466 daAuts
     D:9: 440 daAuts
     D:4: 432 daAuts
     D:6: 364 daAuts
     D:5: 353 daAuts
   Sewer: 319 daAuts
     D:2: 314 daAuts
     D:1: 182 daAuts
   Orc:1: 138 daAuts
  Temple: 26 daAuts
